 Dungeon Crawl Stone Soup version 0.32-a0-481-g9ce6b883f8 (webtiles) character file.

Game seed: 16537089947245659059

3482 GordonOverkill the Frost Mage (level 9, -7/47 HPs)
             Began as a Spriggan Delver on Feb 26, 2024.
             Was a Believer of Vehumet.
             Mangled by a catoblepas (25 damage)
             ... on level 7 of the Dungeon.
             The game lasted 00:19:08 (9496 turns).

GordonOverkill the Frost Mage (Spriggan Delver)     Turns: 9496, Time: 00:19:09

Health: -7/47      AC:  6    Str:  8    XL:     9   Next: 79%
Magic:  12/20      EV: 19    Int: 16    God:    Vehumet [**....]
Gold:   1076       SH:  0    Dex: 22    Spells: 20/22 levels left

rFire   . . .        x - +1 dagger (venom)
rCold   . . .        (no shield)
rNeg    . . .        b - +0 robe
rPois   .            (helmet restricted)
rElec   .            (no cloak)
rCorr   .            (gloves unavailable)
SInv    +            (boots unavailable)
Will    +....        (no amulet)
Stlth   ++++         B - +4 ring of protection
HPRegen 0.27/turn    u - +6 ring of dexterity
MPRegen 0.17/turn

%: no passive effects
@: very quick
A: very small, no large weapons, unfitting armour, see invisible, speed 3
a: Renounce Religion


You were on level 7 of the Dungeon.
You worshipped Vehumet.
Vehumet was pleased with you.
You visited 2 branches of the dungeon, and saw 8 of its levels.
You also visited: Bailey.

You collected 1229 gold pieces.
You spent 153 gold pieces at shops.

Inventory:

Hand Weapons
 x - a +1 dagger of venom (weapon)
Armour
 b - a +0 robe (worn)
Magical Staves
 e - a staff of conjuration
Jewellery
 a - a +6 ring of strength
 h - a ring of protection from fire
 u - a +6 ring of dexterity (right hand)
 B - a +4 ring of protection (left hand)
Wands
 g - a wand of digging (5)
 i - a wand of flame (10)
Scrolls
 c - 3 scrolls of fog
 d - 2 scrolls of revelation
 k - 10 scrolls of identify
 l - 2 scrolls of fear
 m - 2 scrolls of enchant weapon
 n - a scroll of immolation {unknown}
 o - 3 scrolls of torment {unknown}
 p - a scroll of noise {unknown}
 q - 3 scrolls of amnesia {unknown}
 y - a scroll of enchant armour {unknown}
 A - a scroll of teleportation {unknown}
Potions
 f - a potion of haste
 j - a potion of curing
 r - a potion of heal wounds {unknown}
 s - 2 potions of ambrosia {unknown}
 t - 2 potions of lignification {unknown}
 v - a potion of resistance {unknown}
 w - a potion of brilliance {unknown}
 z - a potion of invisibility {unknown}


   Skills:
 - Level 5.0 Fighting
 - Level 2.1 Short Blades
 - Level 4.0 Dodging
 - Level 7.2 Stealth
 + Level 7.3 Spellcasting
 - Level 2.0 Conjurations
 - Level 8.0 Ice Magic
 - Level 5.0 Alchemy
 - Level 2.0 Evocations


You had 20 spell levels left.
You knew the following spells:

 Your Spells              Type           Power      Damage    Failure   Level
a - Sting                 Conj/Alch      68%        1d7       3%          1
b - Freeze                Ice            100%       1d10      1%          1

Your spell library contained the following spells:

 Spells                   Type           Power      Damage    Failure   Level
 Stone Arrow              Conj/Erth      18%        3d8       24%         3
 Cigotuvi's Dreadful Rot  Necr/Alch/Air  22%        N/A       10%         2
 Apportation              Tloc           10%        N/A       12%         1
 Necrotise                Necr           20%        1d5       12%         1
 Summon Small Mammal      Summ           20%        N/A       12%         1
 Dispel Undead            Necr           5%         3d7       77%         4
 Martyr's Knell           Necr/Summ      5%         N/A       77%         4
 Iskenderun's Battlesphe  Conj           12%        2d7       83%         5
 Bombard                  Conj/Erth      4%         9d2       100%        6
 Death Channel            Necr           2%         N/A       100%        6
 Spellforged Servitor     Conj/Summ      4%         N/A       100%        7


Dungeon Overview and Level Annotations

Branches:
Dungeon (7/15)             Temple (1/1) D:4          Bailey (visited)

Altars:
Ashenzari
Cheibriados
Elyvilon
Fedhas
Gozag
Hepliaklqana
Kikubaaqudgha
Makhleb
Nemelex Xobeh
Okawaru
Qazlal
Ru
Sif Muna
Trog
Uskayaw
Vehumet
Wu Jian
Xom
Yredelemnul
Zin
The Shining One

Shops:
D:1 :   D:4 ?   D:5 !

Annotations:
D:4 3 runed translucent doors, topfpfpflanze's ghost, novice OpFi
D:7 3 runed translucent doors, ballabu's ghost, novice DsFi


Innate Abilities, Weirdness & Mutations

You are very small and have problems with some larger weapons.
You are too small for most types of armour.
You have supernaturally acute eyesight. (SInv)
You cover ground extremely quickly. (Speed+++)


Message History

The catoblepas looks as sick as possible!
The catoblepas is heavily wounded.
Casting: Sting (safe; 3% risk of failure)
Confirm with . or Enter, or press ? or * to list all spells.
Aiming: Sting (safe; 3% risk of failure)
Press: ? - help, Shift-Dir - straight line, f/p - catoblepas
Aim: a catoblepas (heavily wounded, extremely poisoned, 100% to hit)
The sting hits the catoblepas.
The catoblepas looks as sick as possible!
The catoblepas is heavily wounded.
Casting: Sting (safe; 3% risk of failure)
Confirm with . or Enter, or press ? or * to list all spells.
Aiming: Sting (safe; 3% risk of failure)
Press: ? - help, Shift-Dir - straight line, f/p - catoblepas
Aim: a catoblepas (heavily wounded, extremely poisoned, 100% to hit)
The sting hits the catoblepas but does no damage.
The catoblepas looks as sick as possible!
The catoblepas is heavily wounded.
The catoblepas barely misses you.
Casting: Sting (safe; 3% risk of failure)
Confirm with . or Enter, or press ? or * to list all spells.
Aiming: Sting (safe; 3% risk of failure)
Press: ? - help, Shift-Dir - straight line, f/p - catoblepas
Aim: a catoblepas (severely wounded, extremely poisoned, 100% to hit)
The sting hits the catoblepas.
The catoblepas looks as sick as possible!
The catoblepas is severely wounded.
The catoblepas gores you!!
* * * LOW HITPOINT WARNING * * *
Casting: Sting (safe; 3% risk of failure)
Confirm with . or Enter, or press ? or * to list all spells.
Aiming: Sting (safe; 3% risk of failure)
Press: ? - help, Shift-Dir - straight line, f/p - catoblepas
Aim: a catoblepas (severely wounded, extremely poisoned, 100% to hit)
The sting hits the catoblepas but does no damage.
The catoblepas looks as sick as possible!
The catoblepas is severely wounded.
The catoblepas gores you!!
Ouch! That really hurt!
You die...

#####....# #.*,* ...#...#**
*..,* .#...#.#
**,#.############
.##....###*..#............#
.#........................#
.#.#####+#########'#####..#
)#.#.......####..##..###..#
.#.#.#.......#.##..##..#..#
##.#.###.....##.@##..###..#
.#.#.#,#)###.#.##Y.##§.#..#
...'.#,#.#.##'#..##.§##'..#
##.#.#,###..)#.##Y§##..#..#
#.#.#,#.....##..##..###..#
#.#.#.......#.##..##..#..#
#.#....)..####..##Y.###..#
#.#####+##***####†### #..#
#.#,,,,,,,,,* ##...#* #..#


You could see a catoblepas (extremely poisoned).

Vanquished Creatures
  2 orc knights (Bailey)
  A hornet (D:5)
  A water moccasin (D:7)
  7 orc warriors
  2 ogres (D:6)
  A centaur (D:6)
  2 phantoms
  3 bullfrogs
  2 gnoll sergeants (D:7)
  4 scorpions
  3 howler monkeys
  A bombardier beetle (D:3)
  6 hounds
  4 iguanas
  5 orc wizards
  5 gnolls
  5 adders
  2 ufetubi
  2 ribbon worms
  2 dart slugs
  36 orcs
  7 bats
  5 endoplasms
  A giant cockroach (D:1)
  8 goblins
  4 hobgoblins
  3 jackals (D:3)
  5 quokkas
  10 ball pythons
  4 frilled lizards
  9 kobolds
  A rat (D:2)
153 creatures vanquished.

Notes
Turn   | Place    | Note
-------+----------+-------------------------------------------
     0 | D:5      | GordonOverkill the Spriggan Delver began the quest for the
                  | Orb.
     0 | D:5      | Reached XP level 1. HP: 11/11 MP: 2/2
    20 | D:6      | Noticed an iguana
    26 | D:6      | Killed an iguana
    27 | D:6      | Reached XP level 2. HP: 16/16 MP: 3/6
   107 | D:5      | Noticed a howler monkey
   137 | D:5      | Reached XP level 3. HP: 20/20 MP: 6/8
   191 | D:5      | Reached skill level 1 in Evocations
   205 | D:5      | Learned a level 1 spell: Sting
   351 | D:4      | Reached skill level 1 in Conjurations
   351 | D:4      | Reached skill level 1 in Alchemy
   351 | D:4      | Reached XP level 4. HP: 24/24 MP: 9/9
   378 | D:5      | Noticed a hornet
   416 | D:6      | Noticed a scorpion
   420 | D:6      | Killed a scorpion
   421 | D:6      | Reached XP level 5. HP: 28/28 MP: 8/10
   638 | D:5      | Reached XP level 6. HP: 31/32 MP: 4/11
  1043 | D:6      | Reached skill level 5 in Alchemy
  1313 | D:5      | Found Nada's Distillery.
  1321 | D:5      | Bought a potion of curing for 30 gold pieces
  1493 | D:5      | Killed a hornet
  1494 | D:5      | Reached skill level 5 in Spellcasting
  1494 | D:5      | Reached XP level 7. HP: 34/36 MP: 8/17
  2066 | D:4      | Found Fausofun's Magic Scroll Emporium.
  2071 | D:4      | Found a staircase to the Ecumenical Temple.
  2074 | D:4      | Bought a scroll of enchant weapon for 97 gold pieces
  2074 | D:4      | Bought a scroll of identify for 26 gold pieces
  2560 | D:4      | Found a runed translucent gate.
  2560 | D:4      | Found a runed translucent gate.
  2560 | D:4      | Found a runed translucent gate.
  2563 | D:4      | Found an opulent altar of Gozag.
  2566 | D:4      | Noticed topfpfpflanze's ghost (novice OpFi)
  2737 | Temple   | Entered the Ecumenical Temple
  2743 | Temple   | Became a worshipper of Vehumet
  3181 | D:3      | Reached XP level 8. HP: 42/42 MP: 12/19
  4440 | D:2      | Reached * piety under Vehumet
  4440 | D:2      | Offered knowledge of Freeze by Vehumet.
  4448 | D:2      | Learned a level 1 spell: Freeze
  4556 | D:1      | Found Qiamporph's Book Boutique.
  5860 | D:6      | Reached skill level 1 in Ice Magic
  6058 | D:6      | HP: 2/42 [poisoned by a kobold]
  6076 | D:6      | Reached skill level 2 in Ice Magic
  6222 | D:6      | Reached skill level 3 in Ice Magic
  6558 | D:7      | Found a runed translucent gate.
  6558 | D:7      | Found a runed translucent gate.
  6559 | D:7      | Found a runed translucent gate.
  6561 | D:7      | Noticed ballabu's ghost (novice DsFi)
  6608 | D:7      | Found a flagged portal.
  6622 | Bailey   | Entered a bailey
  6676 | Bailey   | Reached ** piety under Vehumet
  6696 | Bailey   | Reached skill level 4 in Ice Magic
  6696 | Bailey   | Offered knowledge of Shock by Vehumet.
  6854 | Bailey   | HP: 1/42 [orc warrior (11)]
  7365 | Bailey   | Reached skill level 5 in Ice Magic
  7604 | Bailey   | Acquired 840 gold pieces
  7606 | Bailey   | Found a roughly hewn altar of Beogh.
  7606 | Bailey   | Noticed an orc knight
  7606 | Bailey   | Noticed an orc knight
  7806 | Bailey   | Killed an orc knight
  7807 | Bailey   | Reached skill level 5 in Fighting
  7807 | Bailey   | Reached XP level 9. HP: 47/47 MP: 10/20
  8054 | Bailey   | Killed an orc knight
  8055 | Bailey   | Reached skill level 6 in Ice Magic
  8275 | D:7      | Reached skill level 7 in Ice Magic
  9089 | D:7      | Offered knowledge of Stone Arrow by Vehumet.
  9313 | D:7      | Reached skill level 8 in Ice Magic
  9465 | D:7      | Noticed a catoblepas
  9496 | D:7      | Mangled by a catoblepas

Illustrated notes

Levels and vault maps discovered:
D:1:      minmay_arrival_up_and_down, layout_loops_ring, serial_shops,
          nicolae_shop_hallway_stairs, serial_rivers,
          chequers_serial_rivers_room_a, chequers_serial_rivers_large_b,
          chequers_serial_rivers_micro_d, chequers_serial_rivers_small_b,
          chequers_serial_rivers_micro_a, chequers_serial_rivers_room_b
D:2:      layout_basic, minmay_misc_feat_roman,
          amcnicky_mini_rare_corridor_liquid
D:3:      layout_basic, minivault_5, chequers_decorated_corner
D:4:      layout_rooms, temple_statues, serial_shops, shop, ebering_ghost_gozag,
          hex_tiny, nicolae_nh_ransacked_shop
D:5:      layout_loops_ring, serial_shops, shop,
          nicolae_concentric_dashed_squares_mild, serial_bayou_lagoon_b
D:6:      layout_basic
D:7:      kennysheep_housing_project, layout_rooms, enter_bailey_6,
          gammafunk_ghost_necromancy, minmay_the_grid_2x2
          [minmay_the_grid_stretched_grid, minmay_the_grid_zigzag_pyramid,
          minmay_the_grid_doors, minmay_the_grid_prize_diamond_cup]
Temple:   nicolae_temple_the_god_donut

Skill      XL: |  1  2  3  4  5  6  7  8  9 |
---------------+----------------------------+-----
Fighting       | 3 4 5 |  5.0
Spellcasting   | 2 3 6 7 |  7.3
Evocations     | 1 2 |  2.0
Conjurations   | 1 2 |  2.0
Alchemy        | 1 3 4 5 |  5.0
Dodging        | 4 |  4.0
Ice Magic      | 5 8 |  8.0
Short Blades   | |  2.1
Stealth        | |  7.2

Action                     |  1- 3 |  4- 6 |  7- 9 || total
---------------------------+-------+-------+-------++-------
  Melee: Short sword       |    12 |     6 |    14 ||    32
         Dagger            |       |       |    58 ||    58
   Cast: Sting             |     8 |    53 |   442 ||   503
         Freeze            |       |       |     1 ||     1
  Evoke: Wand              |     2 |       |       ||     2
    Use: Scroll            |       |       |     4 ||     4
         Potion            |       |       |     3 ||     3
   Stab: Sleeping          |     4 |     3 |    11 ||    18
 Armour: Robe              |     2 |    14 |   110 ||   126
  Dodge: Dodged            |    13 |    54 |   256 ||   323

Table legend: (Time is in decaauts)
 A = Elapsed time spent in this place.
 B = Non-inter-level travel time spent in this place.
 C = Inter-level travel time spent in this place.
 D = Time resting spent in this place.
 E = Time spent auto-exploring this place.
 F = Levels seen in this place.
 G = Mean time per level.
                   A        B        C        D        E       F      G
               +--------+--------+--------+--------+--------+-----+--------+
         Total |   7756 |   7580 |    176 |   3249 |   2536 |   9 |  861.8 |
       Dungeon |   6263 |   6091 |    172 |   2484 |   2287 |   7 |  894.7 |
        Temple |      8 |      5 |      3 |      0 |      0 |   1 |    8.0 |
        Bailey |   1484 |   1484 |      0 |    765 |    249 |   1 | 1484.0 |
               +--------+--------+--------+--------+--------+-----+--------+

Top non-repeatable levels by time:
     D:6: 1497 daAuts
  Bailey: 1484 daAuts
     D:7: 1087 daAuts
     D:5: 1036 daAuts
     D:2: 672 daAuts
     D:3: 658 daAuts
     D:4: 658 daAuts
     D:1: 653 daAuts
  Temple: 8 daAuts
